 Dungeon Crawl Stone Soup version 0.19.5 (webtiles) character file.

3830 ghjk the Cleaver (level 9, 0/81 HPs)
             Began as a Minotaur Fighter on Apr 28, 2017.
             Was an Elder of Okawaru.
             Succumbed to Grum's poison
             ... on level 8 of the Dungeon on Apr 29, 2017.
             The game lasted 00:12:13 (6048 turns).

ghjk the Cleaver (Minotaur Fighter)                 Turns: 6048, Time: 00:12:14

Health: 0/81       AC: 16    Str: 23    XL:     9   Next: 97%
Magic:  8/8        EV:  5    Int:  5    God:    Okawaru [****..]
Gold:   285        SH:  9    Dex: 11    Spells: 0 memorised, 8 levels left

rFire  + . .     SeeInvis +     a - +1 war axe
rCold  . . .     Gourm    .     p - +0 plate armour
rNeg   . . .     Faith    .     c - +0 shield
rPois  .         Spirit   .     (helmet restricted)
rElec  .         Reflect  .     (no cloak)
rCorr  .         Harm     .     (no gloves)
MR     .....                    (no boots)
Stlth  ..........               (no amulet)
                                u - ring of protection from fire
                                m - ring of see invisible

@: lethally poisoned (0 -> -28), slowed, very slow
A: retaliatory headbutt, horns 2, thin metallic scales 2
a: Heroism, Renounce Religion


You were on level 8 of the Dungeon.
You worshipped Okawaru.
Okawaru was greatly pleased with you.
You were hungry.

You visited 1 branch of the dungeon, and saw 8 of its levels.

You collected 285 gold pieces.

Inventory:

Hand Weapons
 a - a +1 war axe (weapon)
 h - a +1 battleaxe of freezing
 i - a -3 hand axe
Armour
 b - a +0 scale mail
 c - a +0 shield (worn)
 p - a +0 plate armour (worn)
Jewellery
 k - an uncursed ring of ice
 m - a ring of see invisible (left hand)
 u - a ring of protection from fire (right hand)
 G - an uncursed amulet of regeneration
Wands
 y - a wand of digging (9/24)
 A - a wand of lightning (4/15)
 B - a wand of lightning (3/15)
Scrolls
 g - 2 scrolls of amnesia
 n - 3 scrolls of remove curse
 x - a scroll of blinking
 D - 2 scrolls of enchant weapon
Potions
 e - 2 potions of heal wounds {unknown}
 j - 2 potions of resistance
 l - a potion of invisibility
 o - a potion of lignification {unknown}
 q - a potion of ambrosia {unknown}
 s - a potion of mutation {unknown}
 t - a potion of cure mutation {unknown}
 z - 2 potions of flight
 E - a potion of haste {unknown}
Books
 v - a book of Cantrips

   Spells                             Type                      Level
   a - Confusing Touch                Hexes                        1
   b - Animate Skeleton               Necromancy                   1
   c - Summon Small Mammal            Summoning                    1
   d - Apportation                    Translocation                1
 w - a book of Geomancy

   Spells                             Type                      Level
   a - Sandblast                      Earth                        1
   b - Passwall                       Transmutation/Earth          2
   c - Stone Arrow                    Conjuration/Earth            3
   d - Petrify                        Transmutation/Earth          4
   e - Lee's Rapid Deconstruction     Earth                        5
Comestibles
 f - 3 bread rations
 r - 3 meat rations
 C - 4 fruits


   Skills:
 + Level 7.8 Fighting
 * Level 13.7 Axes
 + Level 7.3 Armour
 + Level 1.6 Dodging
 - Level 3.6 Shields


You had 8 spell levels left.
You didn't know any spells.

Dungeon Overview and Level Annotations

Branches:
Dungeon (8/15)             Temple (0/1) D:7
   Lair: D:8-11

Altars:
Okawaru
Ru

Shops:
D:7 *

Annotations:
D:8 Grum


Innate Abilities, Weirdness & Mutations

You reflexively headbutt those who attack you in melee.
You have a pair of horns on your head.
You are mostly covered in thin metallic scales. (AC +3)


Message History

You are too injured to fight recklessly!
You are too injured to fight recklessly!
Okay, then.
As you read the scroll of teleportation, it crumbles to dust.
You feel strangely unstable.
* * * LOW HITPOINT WARNING * * *
You feel very sick. Grum hits you with a spear of venom!
* * * LOW HITPOINT WARNING * * *
You are more poisoned.
* * * LOW HITPOINT WARNING * * *
You feel very sick. You block Grum's attack.
Grum zaps a wand.
You easily resist.
Your surroundings seem slightly different.
* * * LOW HITPOINT WARNING * * *
You feel very sick.
A water moccasin comes into view.
The water moccasin hisses angrily.
A giant cockroach comes into view.
You die...

...........>....
####.###.##.#.#.
# #.#..#.#
###§#†...#
#....†...#
#.#.##g..#
#.#.#....# #
#.#.#..# #@#.
..# #.#g ..#
#.....#. ..#
#.....#h ..#
#.....#( ..#
#...S.# #.....#
#..s..# #.....#


You could see a water moccasin and a giant cockroach (wandering).

Vanquished Creatures
  Joseph (D:7)
  Prince Ribbit (D:7)
  Sigmund (D:6)
  Eustachio (D:6)
  A water moccasin (D:6)
  2 orc warriors
  A sky beast (D:7)
  2 phantoms
  An ice beast (D:6)
  A hornet zombie (D:5)
  4 ogres
  4 wolves (D:8)
  A centaur (D:5)
  2 bullfrogs (D:7)
  A scorpion (D:5)
  6 killer bees (D:7)
  A howler monkey (D:6)
  2 crimson imps
  A centaur skeleton (D:4)
  A hound (D:7)
  9 orc wizards
  3 orc priests
  3 jellies
  Ijyb (D:3)
  Jessica (D:3)
  An iguana (D:7)
  7 worker ants
  A worker ant zombie (D:7)
  4 gnolls (D:3)
  8 adders
  A shadow imp (D:6)
  4 oozes
  A worm (D:2)
  3 dart slugs
  8 leopard geckos
  25 orcs
  3 giant cockroaches
  10 goblins
  17 hobgoblins
  9 jackals
  8 kobolds
  2 quokkas
  3 ball pythons
  4 bats
  5 frilled lizards
  A quokka zombie (D:7)
  5 rats
182 creatures vanquished.

Notes
Turn   | Place    | Note
-------+----------+-------------------------------------------
     0 | D:1      | ghjk the Minotaur Fighter began the quest for the Orb.
     0 | D:1      | Reached XP level 1. HP: 19/19 MP: 0/0
    85 | D:1      | Reached XP level 2. HP: 16/27 MP: 1/1
   245 | D:1      | Reached skill level 3 in Axes
   448 | D:1      | Reached XP level 3. HP: 32/33 MP: 2/2
   897 | D:2      | Reached skill level 4 in Axes
   913 | D:2      | Reached XP level 4. HP: 34/40 MP: 3/3
  1319 | D:2      | Found an iron altar of Okawaru.
  1327 | D:2      | Became a worshipper of Warmaster Okawaru
  1589 | D:3      | Reached skill level 5 in Axes
  1738 | D:3      | Reached XP level 5. HP: 46/47 MP: 4/4
  1749 | D:3      | Noticed Jessica
  1765 | D:3      | Killed Jessica
  1780 | D:3      | Noticed Ijyb
  1787 | D:3      | Killed Ijyb
  1787 | D:3      | Reached skill level 1 in Dodging
  1937 | D:3      | Reached skill level 6 in Axes
  1998 | D:3      | Reached XP level 6. HP: 42/53 MP: 5/5
  2305 | D:4      | Reached * piety under Okawaru
  2310 | D:4      | Reached skill level 7 in Axes
  2752 | D:4      | Reached skill level 5 in Fighting
  2808 | D:5      | Entered Level 5 of the Dungeon
  3032 | D:5      | Reached skill level 5 in Armour
  3032 | D:5      | Reached XP level 7. HP: 39/61 MP: 6/6
  3222 | D:5      | Reached skill level 8 in Axes
  3240 | D:5      | Gained mutation: You are partially covered in thin metallic scales. (AC +2) [potion of beneficial mutation]
  3241 | D:5      | Gained mutation: You are mostly covered in thin metallic scales. (AC +3) [potion of beneficial mutation]
  3359 | D:5      | Reached ** piety under Okawaru
  3930 | D:6      | Reached skill level 9 in Axes
  3996 | D:6      | Reached XP level 8. HP: 69/69 MP: 7/7
  4006 | D:6      | Noticed Sigmund
  4019 | D:6      | Killed Sigmund
  4020 | D:6      | Reached skill level 10 in Axes
  4594 | D:6      | Found a sacrificial altar of Ru.
  4676 | D:6      | Reached *** piety under Okawaru
  4715 | D:6      | Noticed Eustachio
  4738 | D:6      | Reached skill level 11 in Axes
  4753 | D:6      | Killed Eustachio
  4971 | D:7      | Found Vosush's Assorted Antiques.
  5029 | D:7      | Reached XP level 9. HP: 78/78 MP: 8/8
  5074 | D:7      | Noticed Prince Ribbit
  5116 | D:7      | Reached skill level 12 in Axes
  5195 | D:7      | Killed Prince Ribbit
  5285 | D:7      | Reached **** piety under Okawaru
  5502 | D:7      | Noticed Joseph
  5529 | D:7      | Killed Joseph
  5529 | D:7      | Reached skill level 13 in Axes
  5623 | D:7      | Found a staircase to the Ecumenical Temple.
  6023 | D:8      | Noticed Grum
  6047 | D:8      | HP: 4/81 [poisoned by Grum]
  6048 | D:8      | Succumbed to Grum's poison

Skill      XL: |  1  2  3  4  5  6  7  8  9 |
---------------+----------------------------+-----
Fighting       | 4 5 6 7 |  7.8
Axes           | 3 4 5 6 7 9 11 13 | 13.7
Armour         | 4 5 6 7 |  7.3
Dodging        | 1 |  1.6
Shields        | |  3.6

Action                   |  1- 3 |  4- 6 |  7- 9 || total
-------------------------+-------+-------+-------++-------
Melee: War axe           |    19 |   141 |   331 ||   491
       Headbutt          |    20 |    40 |    61 ||   121
       Hand axe          |    77 |    75 |       ||   152
  Use: Scroll            |     2 |     4 |     8 ||    14
       Potion            |       |       |     6 ||     6
  Eat: Chunk             |       |     2 |     4 ||     6
       Meat ration       |       |     1 |     1 ||     2
       Fruit             |       |       |     1 ||     1
Armor: Scale mail        |    35 |    40 |       ||    75
       Plate armour      |       |    54 |   171 ||   225
Dodge: Dodged            |    16 |    37 |    54 ||   107
Block: Shield            |    53 |   116 |   148 ||   317
